 Dungeon Crawl Stone Soup version 0.18-a0-1805-g8ab820f (webtiles) character file.

6967 Zhenya25pyc the Basher (level 11, 0/62 HPs)
             Began as a Gargoyle Fighter on Apr 25, 2016.
             Was an Elder of Okawaru.
             Killed from afar by Nergalle (10 damage)
             ... with a bolt of negative energy
             ... on level 10 of the Dungeon.
             The game lasted 00:20:21 (9104 turns).

Zhenya25pyc the Basher (Gargoyle Fighter)           Turns: 9104, Time: 00:20:22

Health: 0/62       AC: 22    Str: 28    XL:     11   Next: 7%
Magic:  9/11       EV:  6    Int:  8    God:    Okawaru [****..]
Gold:   597        SH: 12    Dex: 12    Spells: 0 memorised, 10 levels left

rFire  . . .     SeeInvis .     J - +2 flail (holy)
rCold  + . .     Gourm    .     K - +0 plate armour
rNeg   + . .     Faith    .     c - +0 shield
rPois  ∞         Spirit   .     (no helmet)
rElec  +         Dismiss  .     H - +0 cloak
rCorr  .         Reflect  .     I - +1 pair of gloves
SustAt +         Harm     .     t - +1 pair of boots
MR     .....                    (no amulet)
Stlth  ..........               k - +1 ring of slaying
                                p - ring of sustain attributes

@: mighty, drained, not resistant to hostile enchantments, extremely unstealthy
A: agile 1, blurry vision 1, cold resistance 1, deformed body, frail 1, mutation
resistance 1, negative energy resistance 1, electricity resistance, unbreathing,
petrification resistance, rot immunity, AC +7
a: Heroism, Renounce Religion


You were on level 10 of the Dungeon.
You worshipped Okawaru.
Okawaru was greatly pleased with you.
You were not hungry.

You visited 2 branches of the dungeon, and saw 11 of its levels.

You collected 597 gold pieces.

Inventory:

Hand Weapons
 J - a +2 flail of holy wrath (weapon)
Armour
 c - a +0 shield (worn)
 t - a +1 pair of boots (worn)
 H - a +0 cloak (worn)
 I - a +1 pair of gloves (worn)
 K - a +0 plate armour (worn)
Jewellery
 k - a +1 ring of slaying (right hand)
 p - a ring of sustain attributes (left hand)
 q - an uncursed ring of positive energy
Scrolls
 e - 2 scrolls of fear
 h - a scroll of brand weapon {unknown}
 j - a scroll of enchant weapon {unknown}
 l - 3 scrolls of remove curse
 m - a scroll of enchant armour {unknown}
 s - 2 scrolls of teleportation {unknown}
 v - a scroll of amnesia {unknown}
 y - a scroll of noise {unknown}
 C - a scroll of fog {unknown}
 E - a scroll of recharging {unknown}
Potions
 a - a potion of ambrosia {unknown}
 b - 2 potions of flight
 d - 11 potions of might
 g - 4 potions of curing
 i - 2 potions of degeneration
 n - 2 potions of cure mutation {unknown}
 o - a potion of invisibility {unknown}
 u - a potion of heal wounds
 x - a potion of agility
 z - a potion of resistance {unknown}
 A - a potion of magic {unknown}
 B - a potion of haste {unknown}
 F - a potion of lignification {unknown}
 G - a potion of brilliance {unknown}
Comestibles
 f - 5 bread rations
 r - 7 fruits
 w - a meat ration
 D - 4 beef jerkies
 L - 3 chunks of flesh


   Skills:
 + Level 8.9(8.4) Fighting
 * Level 10.7(10.1) Maces & Flails
 + Level 8.9(8.3) Armour
 + Level 8.6(8.1) Shields


You had 10 spell levels left.
You didn't know any spells.

Dungeon Overview and Level Annotations

Branches:
Dungeon (10/15)            Temple (1/1) D:7            Lair (0/8) D:9
    Orc: D:9-12

Altars:
Ashenzari
Cheibriados
Dithmenos
Elyvilon
Fedhas
Gozag
Kikubaaqudgha
Makhleb
Nemelex Xobeh
Okawaru
Pakellas
Qazlal
Ru
Sif Muna
Trog
Vehumet
Xom
Yredelemnul
Zin
The Shining One

Shops:
D:6 %

Annotations:
D:10 Nergalle


Innate Abilities, Weirdness & Mutations

You are resistant to torment.
Your stone body is resilient (AC +7).
You are immune to poison.
You resist negative energy.
You are resistant to electric shocks.
You can survive without breathing.
You are immune to petrification.
You are immune to rotting.
You are agile. (Dex +2)
Scrolls take you a little longer to read.
Your flesh is cold resistant.
Armour fits poorly on your strangely shaped body.
You are frail (-10% HP).
You are somewhat resistant to further mutation.


Message History

You block the spectral orc warlord's attack.
The spectral orc warlord hits you with a war axe of chopping.
* * * LOW HITPOINT WARNING * * *
x2 You hit the spectral orc warlord.
The spectral orc warlord convulses.
The spectral orc warlord is almost destroyed.
You sock the spectral orc warlord!
You destroy the spectral orc warlord!
You feel like a meek peon again.
The spectral orc knight hits you but does no damage.
The spectral orc warlord hits you but does no damage.
The spectral orc hits you but does no damage.
You bludgeon the spectral orc!!
You destroy the spectral orc!
Nergalle casts a spell at you.
The bolt of negative energy hits the spectral orc warlord.
The spectral orc warlord completely resists.
The bolt of negative energy hits the spectral orc knight.
The spectral orc knight completely resists.
The bolt of negative energy hits you! You partially resist.
You feel drained.
You die...

..............>........
...?................###
8...8...............#
#.....#.............###
#....##Z...............
###+##########oZZZ....#########
#............#ZZ.g....#
+............#Z#####..#
#............#@# #..#
#............#.# #..#
#.....<.†....#.#####..# ..
..####'####....#........#.....
.:........######........#....#
.....................####....##.
.#######.......÷.....#..........
....................#..........
....................#..........


You could see Nergalle, 2 spectral orcs, 2 spectral orc warriors, a spectral orc
knight and a spectral orc warlord.

Vanquished Creatures
  The ghost of Denapoli the Severer, a journeyman MiFi of Okawaru (D:10)
  Pikel (D:8)
  The ghost of Zhenya25pyc the Cudgeler, a novice GrFi (D:5)
  Eustachio (D:6)
  2 hungry ghosts
  Menkaure (D:7)
  Duvessa (D:4)
  4 ice beasts
  A black bear (D:9)
  4 orc warriors
  2 sky beasts (D:6)
  2 slaves (D:8)
  A necrophage (D:8)
  2 phantoms (D:9)
  6 ogres
  A centaur (D:8)
  A crocodile (D:10)
  3 big kobolds
  3 giant frogs
  Dowan (D:4)
  3 scorpions
  17 killer bees
  2 howler monkeys
  3 centaur zombies
  6 crimson imps
  A giant frog zombie (D:7)
  A quasit (D:7)
  4 jellies
  4 orc wizards
  5 hounds
  3 orc priests
  A giant frog skeleton (D:5)
  4 centaur skeletons
  4 iguanas
  6 worker ants
  A hound zombie (D:5)
  A hound skeleton (D:4)
  A howler monkey zombie (D:6)
  14 adders
  2 oozes
  An adder skeleton (D:8)
  An adder zombie (D:5)
  4 worms
  2 dart slugs
  9 giant geckos
  16 orcs
  5 bats
  7 giant cockroaches
  11 goblins
  10 hobgoblins
  8 jackals
  5 quokkas
  2 ball pythons
  4 giant newts (D:1)
  A jackal skeleton (D:4)
  19 kobolds
  A quokka zombie (D:9)
  6 rats
234 creatures vanquished.

Vanquished Creatures (others)
  A giant frog (D:8)
  A hound (D:8)
2 creatures vanquished.

Grand Total: 236 creatures vanquished

Notes
Turn   | Place    | Note
--------------------------------------------------------------
     0 | D:1      | Zhenya25pyc the Gargoyle Fighter began the quest for the Orb.
     0 | D:1      | Reached XP level 1. HP: 14/14 MP: 1/1
    62 | D:1      | Reached XP level 2. HP: 19/19 MP: 2/2
   610 | D:1      | Reached XP level 3. HP: 23/23 MP: 3/3
  1032 | D:2      | Reached XP level 4. HP: 22/29 MP: 4/4
  1275 | D:2      | Reached skill level 3 in Maces & Flails
  1488 | D:3      | Found a shimmering altar of Xom.
  1603 | D:3      | Found a burning altar of Makhleb.
  1661 | D:3      | Reached XP level 5. HP: 26/33 MP: 5/5
  2208 | D:4      | Noticed Duvessa
  2209 | D:4      | Noticed Dowan
  2222 | D:4      | Killed Duvessa
  2222 | D:4      | Reached skill level 4 in Maces & Flails
  2222 | D:4      | Reached XP level 6. HP: 33/39 MP: 6/6
  2233 | D:4      | Killed Dowan
  2630 | D:4      | Reached XP level 7. HP: 11/44 MP: 7/7
  2876 | D:4      | Reached skill level 5 in Fighting
  2876 | D:4      | Reached skill level 5 in Maces & Flails
  3282 | D:5      | Entered Level 5 of the Dungeon
  3322 | D:5      | Found a sparkling altar of Nemelex Xobeh.
  3364 | D:5      | Found a snail-covered altar of Cheibriados.
  3390 | D:5      | Reached skill level 5 in Shields
  3444 | D:5      | Reached skill level 5 in Armour
  3780 | D:5      | Reached XP level 8. HP: 50/50 MP: 8/8
  3858 | D:5      | Found a deep blue altar of Sif Muna.
  3933 | D:5      | Reached skill level 6 in Maces & Flails
  4325 | D:5      | Noticed Zhenya25pyc's ghost (novice GrFi)
  4348 | D:5      | Killed Zhenya25pyc's ghost
  4348 | D:5      | Reached skill level 7 in Maces & Flails
  4474 | D:6      | Noticed Eustachio
  4586 | D:6      | Killed Eustachio
  4607 | D:6      | Found a sacrificial altar of Ru.
  4650 | D:6      | Reached XP level 9. HP: 43/56 MP: 9/9
  4659 | D:6      | Gained mutation: Potions and wands are less effective at restoring your health. [mutagenic meat]
  4660 | D:6      | Lost mutation: Potions and wands are less effective at restoring your health. [mutagenic meat]
  4831 | D:6      | Gained mutation: You are frail (-10% HP). [mutagenic meat]
  4832 | D:6      | Gained mutation: Scrolls take you a little longer to read. [mutagenic meat]
  4833 | D:6      | Gained mutation: You are agile. (Dex +2) [mutagenic meat]
  4834 | D:6      | Gained mutation: Armour fits poorly on your strangely shaped body. [mutagenic meat]
  4835 | D:6      | Gained mutation: You are somewhat resistant to further mutation. [mutagenic meat]
  4878 | D:6      | Found Ettocio's Food Emporium.
  5406 | D:7      | Reached skill level 8 in Maces & Flails
  6082 | D:7      | Found a staircase to the Ecumenical Temple.
  6093 | Temple   | Entered the Ecumenical Temple
  6208 | Temple   | Became a worshipper of Warmaster Okawaru
  6269 | D:7      | Noticed Menkaure
  6275 | D:7      | Killed Menkaure
  6772 | D:8      | Gained mutation: Your flesh is cold resistant. [potion of mutation]
  6815 | D:8      | Reached skill level 9 in Maces & Flails
  6815 | D:8      | Reached XP level 10. HP: 56/56 MP: 10/10
  6895 | D:8      | Reached * piety under Okawaru
  7058 | D:8      | Noticed Pikel
  7143 | D:8      | Killed Pikel
  7798 | D:9      | Reached ** piety under Okawaru
  7949 | D:9      | Reached skill level 10 in Maces & Flails
  7995 | D:9      | Found a staircase to the Lair.
  8439 | D:9      | Found a glowing golden altar of the Shining One.
  8801 | D:10     | Entered Level 10 of the Dungeon
  8931 | D:10     | Reached *** piety under Okawaru
  9062 | D:10     | Noticed Denapoli's ghost (journeyman MiFi)
  9064 | D:10     | Noticed Nergalle
  9071 | D:10     | Noticed a spectral orc warlord
  9076 | D:10     | Noticed a spectral orc warlord
  9091 | D:10     | Killed Denapoli's ghost
  9091 | D:10     | Reached **** piety under Okawaru
  9091 | D:10     | Reached XP level 11. HP: 19/62 MP: 8/11
  9104 | D:10     | Killed from afar by Nergalle

Vault maps used:
D:1:      mushboom_english_gardens, minmay_misc_feat_secret_circle
D:2:      kennysheep_big_flooded_room, kennysheep_big_empty_room
D:3:      old_standard_altar, lemuel_crystal_altar, kennysheep_generic_room_8
D:4:      first_bread, uniq_duvessa
D:5:      led_sif_pool, basic_altar, serial_bayou_pond_b,
          nemelex_lonely_heart_becter
D:6:      old_standard_altar, serial_shops, nicolae_shop_trees, hex_medium,
          kennysheep_nondescript, uniq_eustachio
D:7:      minmay_temple_entry_statues_fountains, uniq_menkaure
D:8:      uniq_pikel
D:9:      lair_0_dummy, basic_altar, kennysheep_generic_room_14
D:10:     serial_column_ruins, column_ruins_hut_ruined,
          column_ruins_square_huge, column_ruins_grid_2, column_ruins_grid_1,
          column_ruins_open_medium, column_ruins_open_tiny, uniq_nergalle
Temple:   nicolae_temple_elliptical

Skill      XL: |  1  2  3  4  5  6  7  8  9 10 |
---------------+-------------------------------+-----
Fighting       | 4 5 6 7 8 |  8.9
Maces & Flails | 3 4 5 7 9 10 | 10.7
Shields        | 4 5 6 7 8 |  8.6
Armour         | 4 5 6 7 8 |  8.9

Action                   |  1- 3 |  4- 6 |  7- 9 | 10-12 || total
-------------------------+-------+-------+-------+-------++-------
Melee: Flail             |   133 |   224 |   579 |   438 ||  1374
Invok: Heroism           |       |       |       |     1 ||     1
  Use: Scroll            |       |       |     5 |     2 ||     7
       Potion            |       |       |     3 |     3 ||     6
  Eat: Chunk             |     1 |     5 |    14 |     9 ||    29
       Royal jelly       |       |       |     2 |     1 ||     3
       Meat ration       |       |       |     4 |       ||     4
Armor: Scale mail        |   135 |   138 |   210 |       ||   483
       Plate armour      |       |       |   219 |   281 ||   500
Dodge: Dodged            |   102 |    73 |   167 |    88 ||   430
Block: Shield            |   115 |   111 |   392 |   304 ||   922
